 Dungeon Crawl Stone Soup version 0.23-a0-207-g93a313e (webtiles) character file.

12637 mopl the Grappler (level 11, 0/84 HPs)
             Began as a Barachi Transmuter on Sept 24, 2018.
             Was a High Priest of Cheibriados.
             Killed from afar by a lava snake (14 damage)
             ... with a glob of lava
             ... in a volcano.
             The game lasted 00:25:03 (12966 turns).

mopl the Grappler (Barachi Transmuter)             Turns: 12966, Time: 00:25:03

Health: 0/84       AC: 10    Str: 29    XL:     11   Next: 96%
Magic:  17/17      EV: 21    Int: 30    God:    Cheibriados [*****.]
Gold:   287        SH:  0    Dex: 26    Spells: 3/18 levels left

rFire    . . .     SeeInvis .     - Unarmed
rCold    . . .     Gourm    .   (no shield)
rNeg     . . .     Faith    .   M - +2 robe of the Eight Boll Weevils {rElec Int+2 Stlth+}
rPois    .         Spirit   .   (no helmet)
rElec    +         Reflect  .   H - +2 cloak {+Inv}
rCorr    .         Harm     .   L - +2 pair of gloves
MR       +....                  (no boots)
Stlth    +++.......             (no amulet)
HPRegen  0.24/turn              j - ring of protection from magic
MPRegen  0.15/turn              E - +2 ring of evasion

@: very slow
A: +LOS, swims, slowness 1, strong legs 1
a: Hop, Bend Time, Temporal Distortion, Slouch, Step From Time, Renounce
Religion, Evoke Invisibility


You were in a volcano.
You worshipped Cheibriados.
Cheibriados was extremely pleased with you.
You were not hungry.

You visited 3 branches of the dungeon, and saw 13 of its levels.
You also visited: Volcano.

You collected 783 gold pieces.
You spent 496 gold pieces at shops.

Inventory:

Missiles
 a - 148 arrows
 e - 338 stones (quivered)
 v - 6 javelins
 J - 3 tomahawks
Armour
 H - a +2 cloak of invisibility (worn)
 L - a +2 pair of gloves (worn)
 M - the +2 robe of the Eight Boll Weevils (worn) {rElec Int+2 Stlth+}
   (You bought it in a shop on level 6 of the Dungeon)

   It affects your intelligence (+2).
   It insulates you from electricity.
   It makes you more stealthy.
Jewellery
 j - a ring of protection from magic (left hand)
 o - an uncursed ring of protection from magic
 s - an uncursed ring of resist corrosion
 E - a +2 ring of evasion (right hand)
Wands
 q - a wand of iceblast (10)
 y - a wand of flame (108)
 G - a wand of paralysis (6)
Scrolls
 c - 7 scrolls of teleportation
 l - 4 scrolls of blinking {unknown}
 m - 3 scrolls of fog {unknown}
 p - 3 scrolls of random uselessness {unknown}
 r - 2 scrolls of enchant weapon {unknown}
 u - 2 scrolls of immolation {unknown}
 w - a scroll of amnesia {unknown}
 x - 3 scrolls of remove curse
 A - 2 scrolls of enchant armour {unknown}
 D - a scroll of fear {unknown}
 I - 2 scrolls of magic mapping {unknown}
 O - a scroll of holy word {unknown}
Potions
 b - 3 potions of degeneration {unknown}
 f - a potion of invisibility {unknown}
 h - 7 potions of curing {unknown}
 i - 2 potions of might
 k - 3 potions of lignification {!q}
 n - a potion of resistance
 z - 4 potions of cancellation {unknown}
 B - 4 potions of agility
 C - a potion of flight
 F - a potion of heal wounds
Miscellaneous
 t - a box of beasts
Comestibles
 d - 29 rations
 g - 6 chunks of flesh


   Skills:
 + Level 7.5 Fighting
 + Level 3.1 Throwing
 + Level 7.2 Dodging
 * Level 12.0 Unarmed Combat
 - Level 4.0 Spellcasting
 - Level 8.0 Transmutations
 - Level 4.0 Ice Magic
 - Level 2.0 Poison Magic
 + Level 6.3 Invocations
 - Level 5.0 Evocations


You had 3 spell levels left.
You knew the following spells:

 Your Spells              Type           Power        Failure   Level  Hunger
a - Beastly Appendage     Tmut           ######       1%          1    None
b - Spider Form           Tmut/Pois      #####.....   2%          3    ##.....
c - Blade Hands           Tmut           ######....   7%          5    #####..
d - Ice Form              Ice/Tmut       #####...     5%          4    ####...
w - Sticks to Snakes      Tmut           ######..     1%          2    None

Your spell library contained the following spells:

 Spells                   Type           Power        Failure   Level  Hunger


Dungeon Overview and Level Annotations

Branches:
Dungeon (10/15)            Temple (1/1) D:5            Lair (2/6) D:9
    Orc (0/2) D:9
  Swamp: Lair:2-4    Shoals: Lair:2-4     Snake: Lair:2-4    Spider: Lair:2-4

Altars:
Ashenzari
Cheibriados
Dithmenos
Elyvilon
Fedhas
Gozag
Hepliaklqana
Kikubaaqudgha
Makhleb
Nemelex Xobeh
Okawaru
Qazlal
Ru
Sif Muna
Trog
Uskayaw
Vehumet
Xom
Yredelemnul
Zin
The Shining One
Jiyva

Shops:
D:6 *[(=


Innate Abilities, Weirdness & Mutations

Shadows flee at your approach. (+LOS)
You can swim through water.
You cover ground slowly.
You can hop short distances.


Message History

You barely miss the lava snake. You punch the lava snake.
The lava snake is moderately wounded.
The lava snake bites you.
You are engulfed in flames.
You completely miss the lava snake.
The lava snake is moderately wounded.
The lava snake misses you.
You pummel the lava snake!!
You kill the lava snake!
Cheibriados thoroughly appreciates the change of pace.
A lava snake comes into view.
You open the door. The lava snake spits lava at you. The glob of lava hits you!
* * * LOW HITPOINT WARNING * * *
The lava snake spits lava at you. The glob of lava misses you.
There is an open door here.
The lava snake spits lava at you. The glob of lava hits you!
You die...

≈§§≈§§≈.# §§≈≈≈≈..#
§§≈≈≈≈≈.### #+#
≈§≈≈≈≈..#.. #.# .≈≈≈≈≈§.#
#.# §..≈≈≈..# #.#
≈≈.≈≈≈≈.# #.# §≈≈.≈≈..#
#.# ≈≈§§§≈..# #@#
§§≈§≈...########'#######
§§§§≈≈§..§§..............
≈§≈§≈≈§≈§≈§.≈§≈§§≈.§§§§.≈
§§§≈≈§§§§§§≈§≈≈§§≈S≈§≈§≈§
≈§≈≈≈≈≈≈§≈≈§≈§§≈≈§§§≈≈≈≈≈
≈§≈§≈≈≈§≈≈§≈§§§§≈§§§≈≈≈≈≈
§..≈≈≈≈≈≈§§≈≈≈§≈≈≈§≈§.≈≈≈
.....≈≈≈§§§§≈§§§≈≈.......


You could see a lava snake.

Vanquished Creatures
  A hydra (Lair:2)
  2 two-headed ogres
  2 spiny frogs (Lair:1)
  A rime drake (Lair:1)
  5 komodo dragons
  4 hippogriffs
  2 wyverns (D:8)
  2 basilisks (Lair:1)
  2 hungry ghosts
  Edmund (D:6)
  2 water moccasins (Lair:1)
  Duvessa (D:6)
  3 porcupines
  3 ice beasts
  2 black bears
  A sky beast (D:10)
  An eye of draining (D:7)
  9 orc warriors
  9 ogres
  A phantom (D:9)
  4 centaurs
  10 wolves (Lair:1)
  2 big kobolds (D:9)
  A crocodile (Lair:1)
  9 bullfrogs
  4 gnoll sergeants (D:9)
  Dowan (D:6)
  A scorpion (D:8)
  3 electric eels (Lair:1)
  A bullfrog zombie (D:6)
  4 crimson imps
  A centaur zombie (D:9)
  3 lava snakes (Volcano)
  7 hounds
  3 orc priests
  A bullfrog skeleton (D:5)
  8 jellies
  6 orc wizards
  5 iguanas
  7 worker ants
  A killer bee zombie (D:7)
  A hound zombie (D:5)
  A howler monkey zombie (D:7)
  11 gnolls
  7 adders
  2 shadow imps
  8 oozes
  4 adder skeletons
  A worm (D:3)
  2 dart slugs
  3 leopard geckos
  32 orcs
  8 bats
  5 giant cockroaches
  9 goblins
  6 hobgoblins
  6 jackals
  7 quokkas
  6 ball pythons
  3 frilled lizards
  2 jackal skeletons
  10 kobolds
  A leopard gecko skeleton (D:7)
  A quokka zombie (D:8)
  8 rats
  A fungus (D:9)
281 creatures vanquished.

Vanquished Creatures (collateral kills)
  A crocodile (Lair:2)
1 creature vanquished.

Grand Total: 282 creatures vanquished

Notes
Turn   | Place    | Note
-------+----------+-------------------------------------------
     0 | D:1      | mopl the Barachi Transmuter began the quest for the Orb.
     0 | D:1      | Reached XP level 1. HP: 15/15 MP: 3/3
    68 | D:1      | Reached XP level 2. HP: 9/21 MP: 1/5
    72 | D:1      | Learned a level 2 spell: Sticks to Snakes
   461 | D:1      | Reached skill level 4 in Unarmed Combat
   461 | D:1      | Reached XP level 3. HP: 25/26 MP: 4/6
   558 | D:1      | Learned a level 3 spell: Spider Form
  1505 | D:2      | Reached XP level 4. HP: 28/32 MP: 4/8
  1742 | D:2      | Reached skill level 1 in Poison Magic
  1948 | D:3      | Reached skill level 3 in Transmutations
  2184 | D:3      | Noticed a bullfrog
  2193 | D:3      | Killed a bullfrog
  2193 | D:3      | Reached skill level 3 in Spellcasting
  2193 | D:3      | Reached XP level 5. HP: 30/37 MP: 5/9
  2199 | D:3      | Learned a level 4 spell: Ice Form
  2653 | D:4      | Reached skill level 5 in Unarmed Combat
  2767 | D:4      | Reached skill level 2 in Poison Magic
  3214 | D:5      | Entered Level 5 of the Dungeon
  3274 | D:5      | Reached skill level 1 in Ice Magic
  3274 | D:5      | Reached XP level 6. HP: 24/43 MP: 4/11
  3584 | D:5      | Noticed an ice beast
  3605 | D:5      | Killed an ice beast
  3685 | D:5      | Found a staircase to the Ecumenical Temple.
  3694 | Temple   | Entered the Ecumenical Temple
  3736 | Temple   | Became a worshipper of Cheibriados the Contemplative
  4127 | D:5      | Reached skill level 4 in Transmutations
  4127 | D:5      | Reached skill level 2 in Ice Magic
  4127 | D:5      | Reached skill level 1 in Invocations
  4127 | D:5      | Reached XP level 7. HP: 25/48 MP: 3/12
  4130 | D:5      | Reached skill level 6 in Unarmed Combat
  4739 | D:6      | Reached skill level 4 in Spellcasting
  4911 | D:6      | Found Tiang's General Store.
  4918 | D:6      | Noticed Edmund
  4920 | D:6      | Bought a potion of might for 40 gold pieces
  4920 | D:6      | Bought a potion of lignification for 30 gold pieces
  4920 | D:6      | Bought a scroll of remove curse for 30 gold pieces
  4920 | D:6      | Bought a wand of paralysis (6) for 80 gold pieces
  4935 | D:6      | Killed Edmund
  4935 | D:6      | Reached skill level 3 in Ice Magic
  4958 | D:6      | Reached skill level 2 in Invocations
  4958 | D:6      | Reached XP level 8. HP: 54/54 MP: 10/14
  4965 | D:6      | Noticed Duvessa
  4972 | D:6      | Noticed Dowan
  4980 | D:6      | Killed Duvessa
  4980 | D:6      | Reached skill level 7 in Unarmed Combat
  4984 | D:6      | Killed Dowan
  4984 | D:6      | Reached * piety under Cheibriados
  5125 | D:6      | Reached skill level 5 in Transmutations
  5151 | D:6      | Found Sonaj's Antique Weapon Emporium.
  5227 | D:6      | Found a basalt altar of Yredelemnul.
  5323 | D:6      | Reached skill level 4 in Ice Magic
  5486 | D:6      | Found a sparkling altar of Nemelex Xobeh.
  5497 | D:6      | Reached skill level 2 in Fighting
  5719 | D:6      | Found Hugox's Jewellery Shoppe.
  5861 | D:6      | Found Ecwenorui's Antique Armour Emporium.
  5870 | D:6      | Bought a runed cloak for 180 gold pieces
  5881 | D:6      | Found a hazy altar of Hepliaklqana.
  6006 | D:7      | Noticed a hippogriff
  6017 | D:7      | Killed a hippogriff
  6017 | D:7      | Reached skill level 3 in Dodging
  6017 | D:7      | Reached skill level 8 in Unarmed Combat
  6017 | D:7      | Reached skill level 3 in Invocations
  6247 | D:7      | Reached XP level 9. HP: 49/62 MP: 11/15
  6388 | D:7      | Found a radiant altar of Vehumet.
  6396 | D:7      | Reached skill level 3 in Fighting
  6412 | D:7      | Learned a level 5 spell: Blade Hands
  6519 | D:7      | Found a bloodstained altar of Trog.
  6536 | D:7      | Reached skill level 1 in Evocations
  6623 | D:7      | Found a white marble altar of Elyvilon.
  6623 | D:7      | Found a glowing golden altar of the Shining One.
  6623 | D:7      | Found a glowing silver altar of Zin.
  6906 | D:7      | Reached skill level 6 in Transmutations
  6914 | D:7      | Reached ** piety under Cheibriados
  7107 | D:7      | Found a deep blue altar of Sif Muna.
  7385 | D:7      | Reached skill level 2 in Evocations
  7387 | D:7      | Reached skill level 4 in Dodging
  7567 | D:8      | Reached skill level 9 in Unarmed Combat
  7669 | D:8      | Noticed a two-headed ogre
  7679 | D:8      | Reached skill level 4 in Fighting
  7688 | D:8      | Reached skill level 4 in Invocations
  8169 | D:8      | Killed a two-headed ogre
  8169 | D:8      | Reached skill level 3 in Evocations
  8169 | D:8      | Reached XP level 10. HP: 23/73 MP: 5/16
  8603 | D:8      | Found a sacrificial altar of Ru.
  8762 | D:6      | Bought a bloodstained robe for 136 gold pieces
  8772 | D:6      | Identified the +2 robe of the Eight Boll Weevils {rElec
                  | Int+2 Stlth+} (You bought it in a shop on level 6 of the
                  | Dungeon)
  8822 | D:9      | Reached *** piety under Cheibriados
  9074 | D:9      | Reached skill level 5 in Fighting
  9074 | D:9      | Reached skill level 5 in Dodging
  9117 | D:9      | Found an opulent altar of Gozag.
  9207 | D:9      | Reached skill level 10 in Unarmed Combat
  9487 | D:9      | Reached skill level 7 in Transmutations
  9491 | D:9      | Noticed a two-headed ogre
  9496 | D:9      | Killed a two-headed ogre
  9496 | D:9      | Reached skill level 4 in Evocations
  9504 | D:9      | Found a staircase to the Lair.
  9845 | D:9      | Reached skill level 5 in Invocations
  9848 | D:9      | Reached **** piety under Cheibriados
 10155 | D:9      | Reached skill level 6 in Fighting
 10316 | D:9      | Reached XP level 11. HP: 81/81 MP: 14/17
 10339 | D:9      | Found a staircase to the Orcish Mines.
 10448 | Lair:1   | Entered Level 1 of the Lair of Beasts
 10487 | D:10     | Entered Level 10 of the Dungeon
 10516 | D:10     | Reached skill level 6 in Dodging
 10559 | D:10     | Found a viscous altar of Jiyva.
 10678 | D:10     | Reached skill level 11 in Unarmed Combat
 10678 | D:10     | Reached skill level 5 in Evocations
 10685 | D:10     | Reached ***** piety under Cheibriados
 11766 | Lair:1   | Reached skill level 1 in Throwing
 11836 | Lair:1   | Reached skill level 8 in Transmutations
 12141 | Lair:1   | Reached skill level 2 in Throwing
 12184 | Lair:1   | Reached skill level 7 in Fighting
 12231 | Lair:1   | Reached skill level 6 in Invocations
 12442 | Lair:1   | Reached skill level 7 in Dodging
 12790 | Lair:2   | Noticed a six-headed hydra
 12798 | Lair:2   | Killed a six-headed hydra
 12798 | Lair:2   | Reached skill level 3 in Throwing
 12812 | Lair:2   | Reached skill level 12 in Unarmed Combat
 12826 | Lair:2   | Found a dark tunnel.
 12914 | Volcano  | Entered a volcano
 12966 | Volcano  | Killed from afar by a lava snake

Vault maps used:
D:1:      erik_arrival_gehennom
D:3:      first_ration
D:4:      nicolae_overflow_hidden_temple
D:5:      minmay_temple_entry_overgrown
D:6:      lemuel_crystal_altar, lemuel_doored_altar, serial_shops,
          nicolae_shop_trees, shop, shop, shop, nemelex_dance_club_becter,
          uniq_duvessa, uniq_edmund
D:7:      good_gods_mini_temple, trog_eyes_of_draining, lemuel_blue_sif_altar,
          vehumet_crystals
D:8:      nicolae_ru_the_path_less_chosen
D:9:      grunt_gozag_statues, grunt_lair_entry_orc_guard_hut,
          kennysheep_orc_monster_closet_entryway
D:10:     hangedman_little_slice_of_home
Temple:   jpeg_temple_alley_garden
Lair:1:   beast_lair_carwin_large_2, serial_bayou_shore_a, grunt_megastairs_4
Lair:2:   nicolae_volcano_entry_hallway
Volcano:  volcano_lake

Skill      XL: |  1  2  3  4  5  6  7  8  9 10 11 |
---------------+----------------------------------+-----
Unarmed Combat | 4 5 6 8 9 10 12 | 12.0
Poison Magic   | 1 2 |  2.0
Transmutations | 3 4 5 6 7 8 |  8.0
Spellcasting   | 3 4 |  4.0
Ice Magic      | 1 2 3 4 |  4.0
Invocations    | 1 2 3 4 5 6 |  6.3
Fighting       | 2 4 6 7 |  7.5
Dodging        | 3 4 5 7 |  7.2
Evocations     | 3 4 5 |  5.0
Throwing       | 3 |  3.1

Action                   |  1- 3 |  4- 6 |  7- 9 | 10-12 || total
-------------------------+-------+-------+-------+-------++-------
Melee: Unarmed           |   110 |   148 |   243 |   338 ||   839
       Kick              |     9 |     7 |     4 |       ||    20
       Punch             |     3 |       |     3 |    13 ||    19
       Headbutt          |     2 |     3 |     4 |     3 ||    12
Throw: Stone             |     4 |       |     5 |       ||     9
 Cast: Beastly Appendage |    21 |    12 |     5 |     1 ||    39
       Spider Form       |     3 |     7 |    25 |    15 ||    50
       Sticks to Snakes  |       |     5 |       |     1 ||     6
       Ice Form          |       |       |     3 |    12 ||    15
       Blade Hands       |       |       |       |     3 ||     3
Invok: Bend Time         |       |       |     1 |       ||     1
 Abil: Hop               |     1 |       |       |       ||     1
       End Transformatio |       |     1 |     3 |     7 ||    11
Evoke: Wand              |       |       |     3 |       ||     3
  Use: Scroll            |     3 |     2 |     1 |     3 ||     9
       Potion            |       |     1 |       |       ||     1
 Stab: Sleeping          |     3 |       |     2 |     6 ||    11
       Distracted        |       |       |       |     3 ||     3
  Eat: Chunk             |     3 |     8 |    12 |    11 ||    34
       Ration            |       |     1 |       |     1 ||     2
Armor: Robe              |    17 |     9 |     3 |    15 ||    44
       Skin              |     2 |     1 |     8 |    21 ||    32
Dodge: Dodged            |    66 |    99 |   191 |   268 ||   624

Table legend:
 A = Non-vault XP
 B = Vault XP
 C = Vault XP percentage of total XP
 D = Non-vault monster count
 E = Vault monster count
 F = Vault count percentage of total count
                 A         B        C        D         E       F
            +---------+---------+-------+---------+---------+-------
      Total |   13167 |    4887 |  27.1 |     224 |      57 |  20.3
            +---------+---------+-------+---------+---------+-------
        D:1 |      33 |      19 |  36.5 |      20 |       5 |  20.0
        D:2 |      45 |       0 |   0.0 |      26 |       0 |   0.0
        D:3 |     135 |       0 |   0.0 |      15 |       0 |   0.0
        D:4 |      79 |       0 |   0.0 |      14 |       0 |   0.0
        D:5 |     484 |       0 |   0.0 |      16 |       0 |   0.0
        D:6 |     748 |     513 |  40.7 |      14 |       5 |  26.3
        D:7 |    1287 |     143 |  10.0 |      27 |       3 |  10.0
        D:8 |    1775 |      72 |   3.9 |      17 |       1 |   5.6
        D:9 |    2439 |    1879 |  43.5 |      19 |      23 |  54.8
       D:10 |    1219 |     158 |  11.5 |      29 |       8 |  21.6
     Lair:1 |    3603 |    1960 |  35.2 |      24 |       9 |  27.3
     Lair:2 |    1320 |       0 |   0.0 |       3 |       0 |   0.0
    Volcano |       0 |     143 | 100.0 |       0 |       3 | 100.0
            +---------+---------+-------+---------+---------+-------
